[Event "Romanian Team Blitz Open 2022"]
[Site "Sebes"]
[Date "2022.12.04"]
[Round "5.21"]
[White "Baratosi, Daniel"]
[Black "Dragomirescu, Robin-Alexandru"]
[Result "0-1"]
[ECO "B00"]
[WhiteElo "2335"]
[BlackElo "2337"]
[Annotator "TA"]
[PlyCount "65"]
[EventDate "2022.12.04"]
[EventType "blitz"]
[EventCountry "ROU"]
[SourceTitle "playchess.com"]
[Source "ChessBase"]
[SourceQuality "1"]
[TimeControl "180+2"]

1. e4 Nc6 2. Nf3 f5 3. exf5 d5 4. d4 Bxf5 5. Bd3 Bg4 6. O-O {[%emt 0:00:15] B00: Queen's Fianchetto Defence, Nimzowitsch Defence.} (6. h3 $14 Bxf3 7. Qxf3) 6... Nxd4 $11 {[%emt 0:00:06] [#]} 7. Nbd2 $146 ({Predecessor:} 7. c3 Nxf3+ 8. gxf3 Bh3 9. Re1 Qd7 10. f4 g6 11. Be3 Nf6 12. Bd4 Bg7 13. Nd2 {1-0 (34) Costantini,M (1193)-Manarin,F (1386) IECC email 2001}) 7... e5 8. Re1 {[%emt 0:00:17] aiming for h3. White is slightly better.} (8. Qe1 {simplifies} Nxf3+ 9. gxf3 Be6 10. Qxe5 Qd6 11. Qh5+) 8... Bd6 9. h3 Nxf3+ 10. Nxf3 Bxf3 11. Qxf3 Nf6 12. Bg5 c6 13. c4 $1 {[%emt 0:00:19] Hoping for cxd5.} e4 (13... O-O $11 14. cxd5 cxd5 15. Bxf6 Qxf6 16. Qxd5+ Kh8) 14. cxd5 $16 cxd5 {[%emt 0:00:02] [#]} (14... O-O $142 15. Bxe4 Qb6) 15. Bxf6 ({Resist} 15. Bb5+ $6 Kf8 16. Qb3 a6 $16) ({White should try} 15. Bxe4 $1 O-O 16. Bxd5+ Kh8 17. Re6 (17. Bxb7 Rb8 $18)) 15... Qxf6 {[%emt 0:00:03] [#]} 16. Qh5+ (16. Bxe4 $1 $16 O-O-O 17. Bxd5 Qxf3 18. Bxf3) 16... Qf7 $11 17. Bb5+ (17. Qxf7+ {simplifies} Kxf7 18. Bc2 Be5 19. Bb3) 17... Kf8 18. Qxf7+ Kxf7 19. Red1 (19. Ba4 $1 $11 {keeps the balance.}) 19... Rhd8 (19... Ke6 $17 20. f3 Bc5+ 21. Kh2 e3) 20. Rxd5 Bh2+ 21. Kxh2 Rxd5 {[%emt 0:00:01][%mdl 4096] Endgame KRR-KRB} 22. Bc4 Ke6 $1 23. Rd1 {[%emt 0:00:00][%mdl 64] Pin} (23. Bxd5+ {simplifies} Kxd5 24. Rd1+ Kc6 25. h4) 23... Rad8 24. Kg3 {[%emt 0:00:00][%cal Og3f4] [#] Kf4! is the strong threat.} b5 $1 25. Bxd5+ (25. Bb3 a5) 25... Rxd5 26. Rxd5 (26. Re1 $11) 26... Kxd5 {[%emt 0:00:01] KP-KP} 27. Kf4 {[%emt 0:00:00] [#]} Kd4 $1 28. g4 b4 29. h4 Kd3 {[%emt 0:00:01] And now ...Kc2 would win.} 30. Ke5 Kc2 31. g5 Kxb2 32. Kxe4 Kxa2 33. Kd4 {[%emt 0:00:06] Weighted Error Value: White=0.69/Black=0.29 (precise)} 0-1

[Event "Romanian Team Blitz Open 2022"]
[Site "Sebes"]
[Date "2022.12.04"]
[Round "5.22"]
[White "Ionescu, Mihai"]
[Black "Nagy-Elek, Tamas"]
[Result "1/2-1/2"]
[ECO "D30"]
[WhiteElo "2243"]
[BlackElo "1976"]
[Annotator "TA"]
[PlyCount "53"]
[EventDate "2022.12.04"]
[EventType "blitz"]
[EventCountry "ROU"]
[SourceTitle "playchess.com"]
[Source "ChessBase"]
[SourceQuality "1"]
[TimeControl "180+2"]

1. Nf3 d5 2. d4 Nf6 3. c4 c6 4. e3 e6 5. Bd3 Nbd7 6. b3 {[%emt 0:00:05] D30: Queen's Gambit Declined: Systems without Nc3.} Ne4 7. O-O f5 8. Ne5 {[%emt 0:00:17] White is slightly better.} Nxe5 9. dxe5 Be7 10. Bb2 O-O 11. f3 Nc5 {[%emt 0:00:08] [#]} 12. Bc2 $146 ({Predecessor:} 12. Be2 a5 13. Nd2 Bd7 14. Qc2 Be8 15. Bd4 Na6 16. c5 f4 17. Bd3 Nb4 18. Bxh7+ {1-0 (37) Izeta Txabarri,F (2515)-Rivera Kuzawka,D (2440) Oviedo 1993}) 12... Qc7 13. Nd2 Nd7 14. f4 Nc5 15. Qe2 Ne4 16. Nxe4 dxe4 {[%emt 0:00:09] The position is equal.} 17. Rad1 b6 18. Rd2 Ba6 19. Rfd1 {[%emt 0:00:09] [#] Threatens to win with Rd7.} Rad8 {[%emt 0:00:01] Inhibits Rd7.} 20. Rxd8 Rxd8 21. Rxd8+ Qxd8 22. Qd1 Qxd1+ 23. Bxd1 Kf7 24. Be2 g6 25. Kf2 h5 26. g3 Ke8 27. Ke1 {[%emt 0:00:30] Weighted Error Value: White=0.09 (flawless) /Black=0.06 (flawless)} 1/2-1/2

[Event "Romanian Team Blitz Open 2022"]
[Site "Sebes"]
[Date "2022.12.04"]
[Round "5.23"]
[White "Chiheri, Alexandru-Virgil"]
[Black "Dragomirescu, Calin"]
[Result "0-1"]
[ECO "B06"]
[WhiteElo "1937"]
[BlackElo "1971"]
[Annotator "TA"]
[PlyCount "53"]
[EventDate "2022.12.04"]
[EventType "blitz"]
[EventCountry "ROU"]
[SourceTitle "playchess.com"]
[Source "ChessBase"]
[SourceQuality "1"]
[TimeControl "180+2"]

1. e4 g6 2. d4 Bg7 3. Nc3 d6 4. Be3 a6 5. Qd2 b5 6. f3 Bb7 {[%emt 0:00:02] B06: Modern Defence.} 7. O-O-O (7. a4 $5 ) 7... Nd7 8. Kb1 Rc8 {[%emt 0:00:02] [#] White is slightly better.} 9. Nh3 $146 ({Predecessor:} 9. h4 h6 10. Nh3 Nb6 11. Bd3 Nf6 12. Nf4 Nfd7 13. e5 e6 14. d5 Nxd5 15. Ncxd5 Bxd5 16. Nxd5 exd5 17. exd6 {1-0 (77) Ponkratov,P (2613)-Petrosian,T (2671) Moscow 2015}) 9... c5 10. g3 cxd4 11. Bxd4 Ngf6 12. Bg2 O-O 13. Nf2 b4 14. Ne2 a5 (14... Qc7 {is interesting.} 15. Rc1 e5 16. Be3 d5) 15. f4 (15. h4 $15) 15... e5 16. Be3 Nc5 $2 ({Black should try} 16... Qc7 $19 {White must now prevent ...Rfd8.} 17. c3 Nc5 18. Bxc5 Qxc5) 17. Bxc5 $11 ({Of course not} 17. Qxd6 Qxd6 18. Rxd6 Nfxe4 19. Nxe4 Nxe4 $17) 17... dxc5 18. Qe3 (18. Qxd8 $11 {remains equal.} Rfxd8 19. fxe5) 18... Qc7 $17 19. Bf3 (19. g4 $17) 19... c4 $19 20. f5 (20. fxe5 $142 Qxe5 21. Qf4) 20... c3 21. b3 (21. fxg6 {was necessary.} fxg6 22. bxc3) 21... a4 {[%emt 0:00:08] [#] Strongly threatening ...axb3. Black is clearly winning.} 22. bxa4 Ra8 23. Nd3 (23. Nc1 $142 Qc6 24. fxg6 hxg6 25. Be2 Qxa4 26. Bc4) 23... Qa5 24. fxg6 hxg6 25. g4 Qxa4 26. Nec1 Ba6 {[%emt 0:00:17] [#] ( -> ...Qa3)} 27. Nb3 {[%emt 0:00:21] Weighted Error Value: White=1.22/Black=0.15 (very precise)} 0-1

[Event "Romanian Team Blitz Open 2022"]
[Site "Sebes"]
[Date "2022.12.04"]
[Round "5.24"]
[White "Santimbrean, Mihnea-Nicolae"]
[Black "Duma, Ioan-Gheorghe"]
[Result "0-1"]
[ECO "C54"]
[WhiteElo "1491"]
[BlackElo "1782"]
[Annotator "NA RC COMBH"]
[PlyCount "172"]
[EventDate "2022.12.04"]
[EventType "blitz"]
[EventCountry "ROU"]
[SourceTitle "playchess.com"]
[Source "ChessBase"]
[SourceQuality "1"]
[TimeControl "180+2"]

1. e4 e5 2. Nf3 Nc6 3. Bc4 Bc5 4. c3 d6 5. d3 Nf6 6. Nbd2 a6 7. Bb3 O-O 8. h3 b5 9. O-O Na5 10. Bc2 Bb6 11. Re1 c5 12. Nf1 Nc6 13. Ng3 Qc7 14. Nh4 h6 15. Nhf5 Kh7 16. Qd2 Ng8 17. Qe2 Nce7 18. Qf3 Nxf5 19. Nxf5 Bxf5 20. Qxf5+ g6 21. Qg4 f5 22. exf5 gxf5 23. Qh5 Qf7 24. Qxf7+ Rxf7 25. Bb3 Rf6 26. Bd5 Raf8 27. c4 Ne7 28. Bb7 bxc4 29. dxc4 a5 30. Bd2 Rg8 31. Kh1 Rg7 32. Bf3 Ng6 33. Bd5 Nh4 34. Bc3 Ng6 35. g3 f4 36. Be4 fxg3 37. fxg3 Kh8 38. Kh2 Ne7 39. Rf1 Rgf7 40. Kg2 Kg7 41. Rxf6 Rxf6 42. Rf1 Rxf1 43. Kxf1 Kf6 44. Kf2 Nf5 45. Kf3 Nd4+ 46. Kg4 Bd8 47. Kh5 Kg7 48. Bd2 Ne6 49. Bxh6+ Kf6 50. Bd2 a4 51. Bc6 a3 52. b3 Bc7 53. Bc1 Nd4 54. Bd5 Ne2 55. Bxa3 Nxg3+ 56. Kg4 Ne2 57. Bb2 Nf4 58. Kg3 Nxd5 59. cxd5 Kf5 60. Kf3 Bd8 61. a4 Ba5 62. Ke3 Be1 63. Kd3 Kf4 64. Bc3 e4+ 65. Kc2 Bh4 66. Bd2+ Ke5 67. Be3 Kxd5 68. Kc3 Bf6+ 69. Kc2 Kc6 70. a5 d5 71. Kd2 d4 72. Bf4 Bd8 73. h4 Bxh4 74. Kc2 Kb5 75. Bd6 Bd8 76. Kd2 Bxa5+ 77. Kc2 Bb4 78. Kd1 c4 79. bxc4+ Kxc4 80. Bf4 Kd3 81. Bg5 e3 82. Bh4 Ke4 83. Ke2 d3+ 84. Kd1 Kf3 85. Be1 e2+ 86. Kc1 Bxe1 0-1

[Event "Romanian Team Blitz Open 2022"]
[Site "Sebes"]
[Date "2022.12.04"]
[Round "5.25"]
[White "Stefan, Romulus-Cristian"]
[Black "Macarie, Maia-Elisabeta"]
[Result "1-0"]
[ECO "D03"]
[WhiteElo "2097"]
[BlackElo "1100"]
[Annotator "TA"]
[PlyCount "77"]
[EventDate "2022.12.04"]
[EventType "blitz"]
[EventCountry "ROU"]
[SourceTitle "playchess.com"]
[Source "ChessBase"]
[SourceQuality "1"]
[TimeControl "180+2"]

1. d4 Nf6 2. Nf3 e6 3. Bg5 d5 4. Nbd2 Be7 5. e3 h6 6. Bh4 Nbd7 7. Bd3 b6 8. c3 Bb7 9. O-O {[%emt 0:00:00] [#]} Rc8 $146 {[%emt 0:00:02] D03: 1 d4 d5 2 Nf3 Nf6 3 Bg5, including Torre Attack with early ...d5.} ({Predecessor:} 9... c5 10. Qe2 Qc7 11. a4 O-O 12. a5 Rae8 13. axb6 axb6 14. Bg3 Bd6 15. Bxd6 Qxd6 16. Bb5 Re7 17. Ra7 Bc6 18. Rfa1 Bxb5 19. Qxb5 Rfe8 20. Rb7 g6 21. Raa7 Kg7 22. g3 Ng4 23. Rxd7 {1-0 (23) Martirosyan,H (2632)-Erigaisi,A (2567) Chess.com INT 2021}) 10. Qa4 O-O 11. Ne5 ({And not} 11. Qxa7 Bc6 12. Ne5 Nxe5 13. dxe5 Ra8 14. exf6 Bxf6 15. Bxf6 gxf6 $17) 11... Nxe5 {[%emt 0:00:14] The position is equal.} 12. dxe5 Nd7 13. Bxe7 Qxe7 14. Qf4 Nc5 15. Bc2 (15. Be2 {simplifies} Ba6 16. Bxa6 Nxa6 17. Rfd1) 15... Ba6 16. Rfb1 Bd3 {[%emt 0:00:15] Inhibits b4.} (16... Be2 {feels hotter.} 17. Nb3 Nd3 18. Qg3 c5) 17. Bxd3 Nxd3 18. Qd4 Nc5 19. a4 Nd7 20. a5 c5 $36 {[%emt 0:00:01][%mdl 2048] Black is more active.} 21. Qf4 Qd8 22. Nf3 Rb8 23. a6 Qc7 24. Qg3 ({White should try} 24. Rd1 $15) 24... c4 $17 25. Rd1 Nc5 26. Nd4 Ne4 27. Qf4 {[%emt 0:00:00] [#]} f6 $2 {[%emt 0:00:10][%mdl 8192] This costs Black the game.} ({Don't play} 27... g5 $6 28. Qg4 $11) (27... b5 $1 $17 {stays on course. Threatens to win with ...b4.} 28. Nc2 g5) 28. Nxe6 $18 Qf7 29. Nxf8 Rxf8 30. exf6 Qxf6 31. Qxf6 ({Not} 31. Rxd5 Qg6 $18) 31... Rxf6 {[%emt 0:00:01][%mdl 4096] Endgame KRR-KRN} (31... Nxf6 32. f3 Kf7) 32. f3 {[%emt 0:00:01] White is clearly winning.} Nd6 33. Rxd5 Re6 34. e4 {[%emt 0:00:03] [#] Rad1 is the strong threat.} Kh7 35. Rad1 Nf7 36. Rd7 Ne5 37. Rxa7 Nd3 38. b4 Kg6 39. Rc7 {[%emt 0:00:39] Weighted Error Value: White=0.21 (precise) /Black=0.62} 1-0

[Event "Romanian Team Blitz Open 2022"]
[Site "Sebes"]
[Date "2022.12.04"]
[Round "5.26"]
[White "Burja-Udrea, Razvan-Andrei"]
[Black "Arion, Ilie"]
[Result "0-1"]
[ECO "B07"]
[WhiteElo "1365"]
[BlackElo "1924"]
[Annotator "TA"]
[PlyCount "124"]
[EventDate "2022.12.04"]
[EventType "blitz"]
[EventCountry "ROU"]
[SourceTitle "playchess.com"]
[Source "ChessBase"]
[SourceQuality "1"]
[TimeControl "180+2"]

1. e4 g6 2. d4 d6 3. h4 Nf6 4. Nc3 Bg7 5. Nf3 c5 6. dxc5 {[%emt 0:00:04] B07: Pirc Defence: Miscellaneous Systems.} Qa5 7. Bd3 (7. Bb5+ {is more complex.} Nc6 8. Bd2 dxc5 9. Nd5) 7... Qxc5 8. Be3 {[%emt 0:00:01] [#] The position is equal.} Qc7 $146 ({Predecessor:} 8... Qa5 9. Qd2 Bg4 10. O-O-O Nbd7 11. Kb1 Rc8 12. Rc1 Bxf3 13. gxf3 Ne5 14. Qe2 O-O {1-0 (41) Liang,A (2592)-Arribas Lopez,A (2434) Chess.com INT 2020}) 9. Qd2 (9. Bb5+ Bd7 $11) 9... a6 10. Rd1 (10. h5 $16) 10... Nc6 (10... Bg4 $11 {keeps the balance.}) 11. Bc4 (11. h5 $1 $16) 11... Na5 (11... Bg4 {keeps more tension.} 12. Bg5 Qa5 13. Bxf6 Bxf6 14. Nd5 Bg7) 12. Bb3 Nxb3 (12... Bg4 {looks sharper.} 13. Bd4 e5 14. Be3 Nc4) 13. cxb3 b5 14. Nd4 Bb7 15. f3 Qd7 16. Bf2 b4 (16... Rc8 $11 {remains equal.}) 17. Nce2 (17. Na4 $16) 17... a5 $11 18. Qd3 (18. Nc2 $11) 18... Ba6 19. Qd2 Rc8 20. O-O O-O {[%emt 0:00:02] Black is more active.} 21. Rc1 (21. Rfe1 $1 $15) 21... Rfd8 22. Rfd1 d5 ({Better is} 22... Rxc1 $17 23. Rxc1 e5) 23. e5 {[%emt 0:00:09] Strongly threatening Rxc8.} Ne8 24. f4 e6 (24... Qg4 {seems wilder.} 25. Re1 Rxc1 26. Rxc1 Bf8) 25. g4 Nc7 26. Ng3 Nb5 27. Nxb5 Bxb5 28. Bb6 Rxc1 29. Rxc1 Ra8 30. Rc7 Qe8 (30... Qd8 $5 31. g5 Qb8 $15) 31. Qc2 Qb8 32. Qc5 Be8 {[%emt 0:00:36] aiming for ...Bf8.} 33. Bxa5 Bf8 34. Qb6 Qxb6+ (34... Qd8 $11 35. Ra7 (35. Bxb4 $2 Bxb4 36. Qb7 Bd2 $19) 35... Qxh4 36. Rxa8 Qxg3+ 37. Kh1 Qh3+ 38. Kg1 Qxg4+ 39. Kh1 Qh3+ 40. Kg1 Qg3+ 41. Kh1 Qh4+ 42. Kg2 Qg4+ 43. Kh1 Qh5+ 44. Kg1 Qg4+ 45. Kh1) 35. Bxb6 $16 Kg7 {[%emt 0:00:10] [#]} ({Reject} 35... Rxa2 $6 36. Rc8 Ra6 37. Bd4 $14) 36. f5 (36. Ne2 $1 $16) 36... exf5 (36... Kg8 $1 $14) 37. gxf5 Rxa2 38. Bd4 Ra8 39. e6+ ({White should try} 39. Kf2 $16 {Threatens to win with e6+.} Kg8 40. f6) 39... Kg8 $11 {[%emt 0:00:02] White must now prevent ...Bd6.} 40. e7 Bh6 41. fxg6 (41. Kg2 $142) 41... Bf4 $2 {[%emt 0:00:02][%mdl 8192] [#]} (41... fxg6 $11 42. Kf2 Kf7) 42. gxf7+ $4 ({Not} 42. gxh7+ Kxh7 43. Rc5 Bxg3 $17) (42. Nh5 $1 $18 fxg6 43. Nxf4) 42... Kxf7 $19 43. Rc5 Bxg3 44. Rxd5 Kxe7 {[%emt 0:00:01][%cal Oe8c6] ...Bc6! is the strong threat.} 45. Bc5+ Kf7 46. Bxb4 Rb8 47. Rd4 Be5 48. Re4 Bxb2 49. Kf2 Bf6 50. Rf4 Kg7 51. Rg4+ Kf7 52. Rf4 Bd7 53. Bc3 Rb6 54. Bd4 Rc6 ({And not} 54... Rxb3 55. Rxf6+ Ke7 56. Ra6 $11) 55. Bxf6 $2 (55. Kg3 $19) 55... Rxf6 56. Rxf6+ Kxf6 {[%emt 0:00:01] KB-KPP} 57. b4 Bb5 58. Kg3 Kf5 59. Kh3 h5 60. Kg3 Ke4 61. Kh3 Kf3 62. Kh2 Kg4 {[%emt 0:00:00] Weighted Error Value: White=0.49/Black=0.45} 0-1

[Event "Romanian Team Blitz Open 2022"]
[Site "Sebes"]
[Date "2022.12.04"]
[Round "5.27"]
[White "Craciun, Ovidiu"]
[Black "Simina, Alexandru-Ioan"]
[Result "1/2-1/2"]
[ECO "C45"]
[WhiteElo "1857"]
[BlackElo "1244"]
[Annotator "NA RC COMBH"]
[PlyCount "44"]
[EventDate "2022.12.04"]
[EventType "blitz"]
[EventCountry "ROU"]
[SourceTitle "playchess.com"]
[Source "ChessBase"]
[SourceQuality "1"]
[TimeControl "180+2"]

1. e4 e5 2. Nf3 Nc6 3. d4 exd4 4. Nxd4 Bc5 5. c3 d6 6. Bc4 Nf6 7. Nxc6 bxc6 8. Qf3 O-O 9. Bg5 Qe7 10. Bxf6 Qxf6 11. Qxf6 gxf6 12. O-O f5 13. Nd2 Be6 14. exf5 Bxf5 15. Nb3 Bb6 16. a4 a5 17. Rfe1 d5 18. Bf1 Rfe8 19. h3 Re6 20. g4 Bc2 21. Rxe6 fxe6 22. Nd2 Rf8 1/2-1/2

[Event "Romanian Team Blitz Open 2022"]
[Site "Sebes"]
[Date "2022.12.04"]
[Round "5.28"]
[White "Simina, Andrei-Petru"]
[Black "Stefan, Iulia-Cristiana"]
[Result "0-1"]
[ECO "A41"]
[WhiteElo "1033"]
[BlackElo "1662"]
[Annotator "NA RC COMBH"]
[PlyCount "72"]
[EventDate "2022.12.04"]
[EventType "blitz"]
[EventCountry "ROU"]
[SourceTitle "playchess.com"]
[Source "ChessBase"]
[SourceQuality "1"]
[TimeControl "180+2"]

1. d4 d6 2. Nc3 g6 3. Nf3 Bg7 4. b3 Nf6 5. Bb2 O-O 6. e3 Nbd7 7. Bc4 e5 8. dxe5 dxe5 9. O-O c6 10. a4 a5 11. Na2 Qc7 12. Nc1 h6 13. Nd3 e4 14. Nde5 exf3 15. Nxd7 Nxd7 16. Bxg7 Kxg7 17. Qxf3 Ne5 18. Qe4 Nxc4 19. Qxc4 Be6 20. Qd4+ Kg8 21. Qh4 Kg7 22. Qd4+ Kh7 23. Rad1 Rad8 24. Qa7 Ra8 25. Qd4 Rfd8 26. Qc3 Rxd1 27. Rxd1 Rd8 28. Rxd8 Qxd8 29. h3 Qd5 30. Qe1 Bf5 31. Qe2 Qc5 32. c4 Qd6 33. Qe1 Qb4 34. Qb1 Bxb1 35. Kh2 Qxb3 36. f4 Qxa4 0-1

[Event "Romanian Team Blitz Open 2022"]
[Site "Sebes"]
[Date "2022.12.04"]
[Round "5.29"]
[White "Miron, Toma"]
[Black "Neacsu, Mircea"]
[Result "0-1"]
[ECO "A00"]
[WhiteElo "2188"]
[BlackElo "1901"]
[Annotator "TA"]
[PlyCount "118"]
[EventDate "2022.12.04"]
[EventType "blitz"]
[EventCountry "ROU"]
[SourceTitle "playchess.com"]
[Source "ChessBase"]
[SourceQuality "1"]
[TimeControl "180+2"]

1. g4 d5 2. Bg2 Bxg4 3. c4 c6 4. cxd5 cxd5 5. Qb3 {[%emt 0:00:01] [#]} Qb6 (5... Nf6 $1 $17 {White must now prevent ...Qd7.} 6. Nc3 e6) 6. Qxb6 $11 {[%emt 0:00:03] A00: Irregular Openings.} axb6 7. Bxd5 Nc6 8. Nc3 {[%emt 0:00:09] Black has an edge.} Nf6 9. Bg2 e5 {[%emt 0:00:17] [#]} 10. a3 $146 ({Predecessor:} 10. d3 Be7 11. h3 Be6 12. Nf3 {½-½ (12) Ustianovich,N (2204)-Sumin,V (1918) Lvov 2011}) 10... Bc5 11. e3 {[%emt 0:00:05] Against Nd4} (11. Rb1 $11) 11... O-O (11... Nb4 $5 12. Kf1 O-O 13. Bxb7 Ra7 $15) 12. Rb1 (12. Nge2 $15) 12... Rfe8 (12... Bf5 $17 13. e4 Be6) 13. b4 $15 Bd6 14. Nb5 Bb8 15. Bb2 Bf5 16. Rc1 Bd3 17. Nc3 (17. Bf1 $11 Bxf1 18. Kxf1) 17... e4 18. Nge2 (18. f4 $1 $11 {remains equal.}) 18... Be5 19. f4 exf3 20. Bxf3 Rad8 {[%emt 0:00:08] Black has more active pieces.} 21. h4 h5 22. Rg1 {[%emt 0:00:03] Against Ng4} Kh7 23. Rg5 g6 24. b5 Na5 (24... Bxb5 $17 {aiming for ...Bd3.} 25. Nxb5 (25. d4 Bxe2 26. Bxe2 Bb8 $17) 25... Bxb2) 25. Rxe5 $1 $11 Rxe5 26. Na4 $2 (26. Ne4 $1 $11 Nxe4 27. Bxe5) 26... Re6 $4 (26... Rf5 $19 {and life is good for Black.} 27. Nf4 Bxb5 28. Nxb6 Bc6) 27. Nf4 $18 Red6 (27... Rdd6 28. Nxe6 Rxe6) 28. Nxd3 Ng4 29. Bxg4 (29. Bd4 Nb3 $16) 29... hxg4 30. Ne5 Rxd2 $2 (30... g3 31. d4 (31. Nxf7 g2 $16) 31... Rf6) 31. Bc3 $2 (31. Nxg4 Rg2 32. Nf2 Rg1+ 33. Ke2 Rxc1 34. Bxc1 Nb3 $16) ({White has to play} 31. Nxf7 $18 R8d3 32. Ne5 Rxb2 33. Rc7+ Kh6 34. Nxd3 (34. Nxb2 Rxe3+ 35. Kf2 Rxe5 $15) 34... Rxb5 35. Kf2) 31... R2d5 (31... Rh2 $15 32. Nxf7 (32. Nxb6 $2 Nb3 $19) 32... Ra8 33. Ng5+ (33. Nxb6 $2 Rh1+ 34. Ke2 Rxc1 $19) 33... Kg8) 32. Nxf7 (32. Nxb6 Rxb5 33. Nbd7 (33. Nxf7 Nb3 $18) 33... Nc6 34. Nf6+ Kg7 $18) 32... Re8 33. Ke2 ({Much less strong is} 33. Nxb6 $6 Rxe3+ 34. Kf2 Rxc3 35. Rxc3 Rf5+ 36. Kg3 Rxf7 $16) (33. Ng5+ $18 {and the rest is easy.} Kg8 34. Nxb6) 33... Nb3 $2 (33... Nc4 $16 {was called for.} 34. Ng5+ Kg8) 34. Rg1 Re7 35. Ng5+ ({Less strong is} 35. Nxb6 Rxb5 36. Ng5+ Kh6 $18) 35... Kh6 36. Nxb6 ({Not} 36. Rxg4 Rxb5 37. Rf4 Rf5 $18) 36... Rxb5 {[%emt 0:00:13] [#]} 37. Rxg4 $2 Nc5 $2 (37... Rxb6 $15 38. Rf4 Rc6) 38. Nd5 Rd7 39. e4 (39. Nf4) 39... Rb3 $2 (39... Nxe4 40. Rxe4 Rbxd5) 40. Kd2 $2 ({Better is} 40. Bb4 $18 b6 41. Rf4) 40... Nxe4+ {[%emt 0:00:02][%mdl 64] Remove Defender} 41. Nxe4 (41. Kc2 {looks sharper.} Rxa3 42. Rxe4 Rxd5 43. Ne6) 41... Rxd5+ 42. Kc2 Rxa3 43. Kb2 Ra8 (43... Ra4 {is interesting.} 44. Kb3 b5 45. Bb4 Rd3+) 44. Kb3 Rc8 45. Kb4 Rd3 46. Nf6 $2 Rdxc3 $19 {[%emt 0:00:02][%mdl 4096] Endgame KRR-KRN} (46... Rcxc3 $142 47. Rf4 Rb3+ 48. Kc5 Rdc3+ 49. Kd6 Rc6+ 50. Ke7 g5 51. Ng4+ Kh5 52. Nf6+ Kg6 53. h5+ Kg7 54. h6+ Kxh6 55. Ng4+ Kh5) 47. Rd4 $2 (47. Ng8+ Kg7 48. Ne7) 47... Kg7 (47... Rc1 $142 {( -> ...Rb1+)} 48. Rd3 R8c4+ 49. Kb5 Rc5+ 50. Kb4 R1c4+ 51. Kb3 Rxh4) 48. Nd7 $2 (48. Ne8+ Kh6 49. Nd6) 48... R8c7 49. Ne5 Kf6 50. Ng4+ Kf5 51. Ne3+ (51. Nf2 $19) 51... Ke5 {[%emt 0:00:02] Black mates.} 52. Nc4+ R3xc4+ 53. Rxc4 Rxc4+ 54. Kxc4 {KPP-KP} Kf4 55. Kb5 Kg4 56. h5 Kxh5 57. Kb6 g5 58. Kxb7 g4 59. Kc6 g3 {Quite a comeback for Black.   Weighted Error Value: White=0.94/Black=1.04} 0-1

[Event "Romanian Team Blitz Open 2022"]
[Site "Sebes"]
[Date "2022.12.04"]
[Round "5.30"]
[White "Badau, Iancu-Daniel"]
[Black "Campian, Cristian"]
[Result "1-0"]
[ECO "B30"]
[WhiteElo "1792"]
[BlackElo "1998"]
[Annotator "TA"]
[PlyCount "58"]
[EventDate "2022.12.04"]
[EventType "blitz"]
[EventCountry "ROU"]
[SourceTitle "playchess.com"]
[Source "ChessBase"]
[SourceQuality "1"]
[TimeControl "180+2"]

1. e4 c5 2. Nf3 Nc6 3. Bb5 Nd4 4. Nxd4 cxd4 5. c3 dxc3 6. Nxc3 {[%emt 0:00:03] B30: Sicilian: 2...Nc6 3 Bb5, lines without ...g6.} a6 {[%emt 0:00:02] Against d4} 7. Be2 {[%emt 0:00:06] White is more active.} Nf6 8. O-O {[%emt 0:00:04] White is better.} d6 9. d4 g6 {[%emt 0:00:02] [#]} (9... e6 $16) 10. e5 $146 ({Predecessor:} 10. f4 Bg7 11. e5 dxe5 12. fxe5 Nd5 13. Nxd5 Qxd5 14. Bf3 Qd7 15. Be3 O-O 16. Qd2 {1-0 (60) Golizadeh,A (2455)-Correa,J (1883) Chess.com INT 2021}) 10... dxe5 11. dxe5 Qxd1 (11... Nd7 12. Be3 Bg7) 12. Rxd1 Nd7 (12... Bg7 $142 13. exf6 Bxf6) 13. Nd5 {[%emt 0:00:07] [#] Nc7+ is the strong threat.} Rb8 14. Be3 Bg7 15. Ba7 (15. Nc7+ $142 Kf8 16. f4) 15... O-O $2 (15... Bxe5 {is a better chance.} 16. Bxb8 Nxb8) 16. Nxe7+ Kh8 17. Bxb8 Nxb8 18. Nxc8 Rxc8 19. Bg4 Re8 20. e6 fxe6 {[%emt 0:00:09] [#]} 21. Bxe6 $1 Bxb2 (21... b5 22. Rab1) 22. Rab1 Rxe6 23. Rd8+ Kg7 24. Rxb8 {[%emt 0:00:01][%mdl 4096] Endgame KRR-KRB} Bd4 (24... b5 {was called for.} 25. a4 (25. Rxb2 $2 Re1#) 25... Re2 26. axb5 axb5 27. Rxb5 Bd4) 25. R8xb7+ {[%emt 0:00:05] White is clearly winning.} ({Don't do} 25. R1xb7+ Kh6 26. Kf1 Rf6 $18) 25... Kf6 26. Kf1 {[%emt 0:00:22] Against Re2} ({But not} 26. Rxh7 Re2 27. Rh4 Ke5 $18) 26... Kf5 27. Rxh7 Rf6 28. Rd1 Ke4 29. Re7+ Kd5 {[%emt 0:00:39] Black got outplayed after the opening.   Weighted Error Value: White=0.36/Black=0.89} 1-0

[Event "Romanian Team Blitz Open 2022"]
[Site "Sebes"]
[Date "2022.12.04"]
[Round "5.31"]
[White "Sandru, Nicolae"]
[Black "Denes, Attila-Norbert"]
[Result "0-1"]
[ECO "A40"]
[WhiteElo "1647"]
[BlackElo "1755"]
[Annotator "NA RC COMBH"]
[PlyCount "61"]
[EventDate "2022.12.04"]
[EventType "blitz"]
[EventCountry "ROU"]
[SourceTitle "playchess.com"]
[Source "ChessBase"]
[SourceQuality "1"]
[TimeControl "180+2"]

1. d4 g6 2. Bf4 Bg7 3. h3 b6 4. e3 Bb7 5. Nf3 d6 6. c4 Nd7 7. Nc3 e6 8. Be2 Ne7 9. O-O h6 10. Qc2 a6 11. Rac1 O-O 12. Rfd1 Kh8 13. Bh2 f5 14. b4 g5 15. a4 g4 16. hxg4 fxg4 17. Ne1 h5 18. e4 Ng6 19. e5 Nh4 20. exd6 Qf6 21. Bg3 Nf5 22. Qd3 cxd6 23. Bf1 h4 24. Bh2 g3 25. fxg3 hxg3 26. Nf3 gxh2+ 27. Kh1 Qh6 28. Ne1 Nf6 29. Qh3 Qxh3 30. d5 Qh6 31. Nf3 0-1

[Event "Romanian Team Blitz Open 2022"]
[Site "Sebes"]
[Date "2022.12.04"]
[Round "5.32"]
[White "Chereches, Marius-Calin"]
[Black "Tarciuc, Ianis-Mihai"]
[Result "0-1"]
[ECO "B75"]
[WhiteElo "1472"]
[BlackElo "1642"]
[Annotator "NA RC COMBH"]
[PlyCount "38"]
[EventDate "2022.12.04"]
[EventType "blitz"]
[EventCountry "ROU"]
[SourceTitle "playchess.com"]
[Source "ChessBase"]
[SourceQuality "1"]
[TimeControl "180+2"]

1. e4 c5 2. Nf3 g6 3. d4 cxd4 4. Nxd4 Nc6 5. Be3 Bg7 6. Nc3 Nf6 7. Bc4 d6 8. f3 a6 9. Qd2 Na5 10. Be2 Bd7 11. g4 Rc8 12. h4 h5 13. gxh5 Nxh5 14. f4 Ng3 15. Rh2 Nxe2 16. Qxe2 Nc4 17. O-O-O Qb6 18. b3 Nxe3 19. Qxe3 Qc5 0-1